 Dungeon Crawl Stone Soup version 0.32-a0-886-g41c5271027 (webtiles) character file.

Game seed: 16839903353885721795

52 porpoise the Shooter (level 3, -15/31 HPs)
             Began as a Minotaur Hunter on Apr 3, 2024.
             Demolished by Sigmund
             ... wielding a +3 heavy scythe
              (22 damage)
             ... on level 2 of the Dungeon.
             The game lasted 00:03:01 (1008 turns).

porpoise the Shooter (Minotaur Hunter)              Turns: 1008, Time: 00:03:01

Health: -15/31     AC:  6    Str: 15    XL:     3   Next: 60%
Magic:  2/2        EV: 11    Int:  6    God:
Gold:   110        SH:  0    Dex: 15    Spells: 2/2 levels left

rFire   . . .        a - +0 shortbow
rCold   . . .        (shield currently unavailable)
rNeg    . . .        l - +3 leather armour
rPois   .            (helmet restricted)
rElec   .            (no cloak)
rCorr   .            (no gloves)
SInv    .            (no boots)
Will    .....        (no amulet)
Stlth   +            (no ring)
HPRegen 0.25/turn    (no ring)
MPRegen 0.08/turn

%: no passive effects
@: confused
A: horns 2, retaliatory headbutt
a: no special abilities


You were on level 2 of the Dungeon.
You visited 1 branch of the dungeon, and saw 2 of its levels.

You collected 110 gold pieces.

Inventory:

Hand Weapons
 a - a +0 shortbow (weapon)
Armour
 c - an orb of wrath
 l - a +3 leather armour (worn)
Jewellery
 i - a ring of fire
Scrolls
 b - a scroll of butterflies
 e - 2 scrolls of poison {unknown}
 f - a scroll of revelation {unknown}
 h - a scroll of silence {unknown}
 j - 2 scrolls of identify {unknown}
 k - a scroll of vulnerability {unknown}
Potions
 d - a potion of resistance {unknown}
 g - a potion of invisibility {unknown}
 m - a potion of attraction {unknown}


   Skills:
 + Level 3.2 Fighting
 * Level 5.2 Ranged Weapons
 + Level 1.7 Armour
 - Level 2.1 Dodging
 - Level 0.7 Stealth


You had 2 spell levels left.
You didn't know any spells.
Your spell library contained the following spells:

 Spells                   Type           Power      Damage    Failure   Level
 Necrotise                Necr           0%         1d4       52%         1
 Sublimation of Blood     Necr           0%         N/A       67%         2
 Dazzling Flash           Conj/Hex       0%         N/A       88%         3
 Hailstorm                Conj/Ice       0%         3d5       88%         3
 Mephitic Cloud           Conj/Alch/Air  0%         N/A       88%         3
 Summon Ice Beast         Ice/Summ       0%         N/A       88%         3
 Vampiric Draining        Necr           0%         2d6       88%         3
 Martyr's Knell           Necr/Summ      0%         N/A       99%         4
 Petrify                  Alch/Erth      0%         N/A       99%         4
 Curse of Agony           Necr           0%         N/A       100%        5
 Irradiate                Conj/Alch      0%         3d11      100%        5
 Silence                  Hex/Air        0%         N/A       100%        5
 Permafrost Eruption      Ice/Erth       0%         2x4d1     100%        6
 Sculpt Simulacrum        Ice/Alch       0%         N/A       100%        6


Dungeon Overview and Level Annotations

Branches:
Dungeon (2/15)

Altars:

Annotations:
D:2 Sigmund


Innate Abilities, Weirdness & Mutations

You have a pair of horns on your head.
You reflexively headbutt those who attack you in melee.


Message History

No target in view!
You see here a bat corpse.
j - 2 scrolls labelled QIR LOAPLIOHONETEO (gained 1)
You see here a bat corpse.
You see here a maw talisman.
You see here a maw talisman.
m - a grey potion No target in view!
Found a chain mail.
A kobold comes into view. It is wielding a +0 club.
You shoot an arrow. The arrow hits the kobold!
You kill the kobold!
No target in view!
No target in view!
You open the door.
There is an open door here.
Sigmund the Dreaded comes into view.
He is wielding a +3 heavy scythe.
You shoot an arrow.
The arrow hits Sigmund but does no damage.
You shoot an arrow. The arrow hits Sigmund.
Sigmund is moderately wounded.
Sigmund gestures wildly while chanting.
Sigmund flickers and vanishes!
Deactivating autopickup; reactivate with Ctrl-A.
No target in view!
No target in view!
A magic dart appears from out of thin air!
The magic dart hits you.
You hear some strange, mumbled words.
You are confused.
Something hits you!!
Ouch! That really hurt!
* * * LOW HITPOINT WARNING * * *
You're too confused to move!
Something hits you.
* * * LOW HITPOINT WARNING * * *
You're too confused to move!
You barely miss something. You headbutt something. Something hits you!!
Ouch! That really hurt!
You die...

#####.#.# ########.#
#.....#...##......#.#
......###.##......#.#
#.........##......'.#
#.........#####...#.#
#.........##..#...#.#
#.........##..#...#.#
#.........##..#...#.#
#.........#####.@{#)#
#.......####......+.#
.......## #......###
......## #......#
####### ########


There were no monsters in sight!

Vanquished Creatures
  Robin (D:2)
  3 endoplasms
  A giant cockroach (D:2)
  12 goblins
  3 hobgoblins
  2 jackals (D:2)
  2 quokkas
  A ball python (D:1)
  5 bats
  A frilled lizard (D:1)
  4 kobolds
  3 rats
38 creatures vanquished.

Notes
Turn   | Place    | Note
-------+----------+-------------------------------------------
     0 | D:1      | porpoise the Minotaur Hunter began the quest for the Orb.
     0 | D:1      | Reached XP level 1. HP: 18/18 MP: 0/0
   142 | D:1      | Found a faded altar of an unknown god.
   199 | D:1      | Reached XP level 2. HP: 25/25 MP: 1/1
   261 | D:1      | Reached skill level 1 in Armour
   672 | D:2      | Reached skill level 5 in Ranged Weapons
   707 | D:2      | Reached XP level 3. HP: 31/31 MP: 2/2
   736 | D:2      | Noticed Robin
   749 | D:2      | Killed Robin
   999 | D:2      | Noticed Sigmund
  1008 | D:2      | Demolished by Sigmund

Illustrated notes

Levels and vault maps discovered:
D:1:      saegor_arrival_simple_d, layout_rooms,
          hellmonk_ecumenical_altar_heavens_door
D:2:      layout_rooms, serial_aquarium, aquarium_bridge_island_small
          [aquarium_subvault_small_water, aquarium_subvault_bridge,
          aquarium_subvault_bridge, aquarium_subvault_window,
          aquarium_subvault_balcony], aquarium_window_fake,
          aquarium_window_fake, aquarium_view_2d, aquarium_view_2e,
          aquarium_pool_side, uniq_robin, uniq_sigmund

Skill      XL: |  1  2 |
---------------+-------+-----
Armour         | 1 |  1.7
Ranged Weapons | 5 |  5.2
Fighting       | 3 |  3.2
Dodging        | |  2.1
Stealth        | |  0.7

Action                     || total
---------------------------++-------
  Melee: Shortbow          ||     1
         Headbutt          ||     1
   Fire: Shortbow          ||    92
 Armour: Leather armour    ||    17
  Dodge: Dodged            ||    18

Table legend: (Time is in decaauts)
 A = Elapsed time spent in this place.
 B = Non-inter-level travel time spent in this place.
 C = Inter-level travel time spent in this place.
 D = Time resting spent in this place.
 E = Time spent auto-exploring this place.
 F = Levels seen in this place.
 G = Mean time per level.
                   A        B        C        D        E       F      G
               +--------+--------+--------+--------+--------+-----+--------+
         Total |   1025 |    989 |     36 |      6 |    764 |   2 |  512.5 |
       Dungeon |   1025 |    989 |     36 |      6 |    764 |   2 |  512.5 |
               +--------+--------+--------+--------+--------+-----+--------+

Top non-repeatable levels by time:
     D:1: 545 daAuts
     D:2: 480 daAuts
